 Dungeon Crawl Stone Soup version 0.18.1-48-g4cf74bf (webtiles) character file.

50 MaCx the Magician (level 3, -5/19 HPs)
             Began as a Gargoyle Wizard on Sept 1, 2016.
             Slain by a gnoll
             ... wielding a +0 spear
              (7 damage)
             ... on level 1 of the Dungeon.
             The game lasted 00:08:38 (1910 turns).

MaCx the Magician (Gargoyle Wizard)                 Turns: 1910, Time: 00:08:39

Health: -5/19      AC:  5    Str: 10    XL:     3   Next: 79%
Magic:  8/8        EV: 11    Int: 19    God:
Gold:   61         SH:  0    Dex:  8    Spells: 1 memorised, 8 levels left

rFire  . . .     SeeInvis .     j - +0 club
rCold  . . .     Gourm    .     a - +0 robe
rNeg   + . .     Faith    .     (no shield)
rPois  ∞         Spirit   .     b - +0 hat
rElec  +         Dismiss  .     (no cloak)
rCorr  .         Reflect  .     (no gloves)
SustAt .         Harm     .     (no boots)
MR     .....                    (no amulet)
Stlth  ++........               (no ring)
                                (no ring)

@: very slightly contaminated, not resistant to hostile enchantments, unstealthy
A: negative energy resistance 1, electricity resistance, unbreathing,
petrification resistance, rot immunity, AC +3
a: no special abilities


You were on level 1 of the Dungeon.
You were not hungry.

You visited 1 branch of the dungeon, and saw 2 of its levels.

You collected 61 gold pieces.

Inventory:

Hand Weapons
 j - a +0 club (weapon)
Missiles
 f - 30 stones (quivered)
Armour
 a - a +0 robe (worn)
 b - a +0 hat (worn)
 i - a +0 large shield
 k - a +0 pair of boots
Scrolls
 g - a scroll of immolation {unknown}
Potions
 e - a potion of agility {unknown}
 l - a potion of might {unknown}
Books
 c - a book of Minor Magic

   Spells                             Type                      Level
   a - Magic Dart                     Conjuration                  1
   b - Blink                          Translocation                2
   c - Call Imp                       Summoning                    2
   d - Repel Missiles                 Charms/Air                   2
   e - Slow                           Hexes                        2
   f - Conjure Flame                  Conjuration/Fire             3
   g - Mephitic Cloud                 Conjuration/Poison/Air       3
Comestibles
 d - 3 bread rations
 m - a chunk of flesh


   Skills:
 - Level 1.5 Dodging
 - Level 2.1 Stealth
 + Level 3.6 Spellcasting
 + Level 2.9 Conjurations
   Level 0.8 Summonings
   Level 0.8 Translocations


You had 8 spell levels left.
You knew the following spells:

 Your Spells              Type           Power        Failure   Level  Hunger
a - Magic Dart            Conj           ##..         6%          1    None


Dungeon Overview and Level Annotations

Branches:
Dungeon (2/15)

Altars:

Annotations:
D:2 exclusion: upstairs


Innate Abilities, Weirdness & Mutations

You are resistant to torment.
Your stone body is resilient (AC +3).
You are immune to poison.
You resist negative energy.
You are resistant to electric shocks.
You can survive without breathing.
You are immune to petrification.
You are immune to rotting.


Message History

Sorry, you can't target what you can't see.
Are you sure you want to cancel this blink?
Blink to where?
Press: ? - help, Dir - move target cursor You can't see that place. [a stone staircase leading down.] Sorry, you can't target what you can't see.
Are you sure you want to cancel this blink?
Blink to where?
Press: ? - help, Dir - move target cursor You are very lightly contaminated with residual magic.
As you read the scroll labeled UNLOAC JUDUEQU, it crumbles to dust.
It was a scroll of blinking.
There is a stone staircase leading up here.
You climb upwards.
A bat comes into view.
The bat moves out of view.
The gnoll hits you but does no damage. x2
There is a stone staircase leading down here.
The gnoll hits you with a spear!
You die...

# #.....#............# #### #
#.....#............# #.....
###.....#............# #.....
........#............#######.....
###.....#####....................
# #....## #....................
###..######....................
#..............................
###.......##....@.K..............
..'............g>.g..............
###.......#.####'##..............
#.......'.# #.##..............
#.......### #.##..............
#.......# #.##.....####.....
#.......# #.##.....# ######
#.......# #.##.....# #.......#
#.########


You could see a gnoll, a hobgoblin and a kobold.

Vanquished Creatures
  An adder (D:2)
  2 gnolls (D:2)
  A dart slug (D:2)
  A giant gecko (D:1)
  A giant cockroach (D:1)
  A goblin (D:2)
  4 hobgoblins (D:1)
  A kobold (D:1)
  3 bats
  2 giant newts (D:1)
  2 rats
19 creatures vanquished.

Notes
Turn   | Place    | Note
--------------------------------------------------------------
     0 | D:1      | MaCx the Gargoyle Wizard began the quest for the Orb.
     0 | D:1      | Reached XP level 1. HP: 10/10 MP: 4/4
   506 | D:1      | Reached XP level 2. HP: 15/15 MP: 3/6
  1169 | D:2      | Reached XP level 3. HP: 19/19 MP: 1/7
  1910 | D:1      | Slain by a gnoll

Skill      XL: |  1  2 |
---------------+-------+-----
Conjurations   | 2 |  2.9
Dodging        | |  1.5
Stealth        | |  2.1
Spellcasting   | |  3.6
Summonings     | |  0.8
Translocations | |  0.8

Action                   || total
-------------------------++-------
Melee: Club              ||    12
 Cast: Magic Dart        ||    58
  Use: Scroll            ||     1
  Eat: Bread ration      ||     1
Armor: Robe              ||    11
Dodge: Dodged            ||    22
